 Dungeon Crawl Stone Soup version 0.28-a0-1128-gb845255321 (webtiles) character file.

Game seed: 12830273217214983429

0 Gargoyl the Skirmisher (level 1, -26/23 HPs)
             Began as a Gnoll Abyssal Knight on Dec 12, 2021.
             Was a Follower of Lugonu.
             Annihilated by a large abomination (36 damage)
             ... on level 5 of the Abyss.
             The game lasted 00:00:35 (166 turns).

Gargoyl the Skirmisher (Gnoll Abyssal Knight)        Turns: 166, Time: 00:00:35

Health: -26/23     AC:  3    Str: 12    XL:     1   Next: 0%
Magic:  3/3        EV: 12    Int:  9    God:    Lugonu [*.....]
Gold:   31         SH:  0    Dex: 12    Spells: 0/0 levels left

rFire   . . .      SeeInvis .   a - +1 hand axe
rCold   . . .      Faith    .   (no shield)
rNeg    . . .      Spirit   .   b - +0 leather armour
rPois   .          Reflect  .   (no helmet)
rElec   .          Harm     .   (no cloak)
rCorr   .          Rampage  .   (no gloves)
Will    .....                   (no boots)
Stlth   +.........              (no amulet)
HPRegen 0.00/turn               (no ring)
MPRegen 0.08/turn               (no ring)

@: sick
A: fangs 1, strong nose, distributed training
a: Renounce Religion, Depart the Abyss


You were on level 5 of the Abyss.
You worshipped Lugonu.
Lugonu was aware of your devotion.
You visited 0 branches of the dungeon, and saw 0 of its levels.
You visited the Abyss 1 time.

You collected 31 gold pieces.

Inventory:

Hand Weapons
 a - a +1 hand axe (weapon)
Armour
 b - a +0 leather armour (worn)


   Skills:
 + Level 6.4 Fighting
 + Level 0.0 Short Blades
 + Level 0.0 Long Blades
 + Level 4.4 Axes
 + Level 0.0 Maces & Flails
 + Level 0.0 Polearms
 + Level 0.0 Staves
 + Level 0.0 Slings
 + Level 0.0 Bows
 + Level 0.0 Crossbows
 + Level 0.0 Throwing
 + Level 4.4 Armour
 + Level 2.3 Dodging
 + Level 0.0 Stealth
 + Level 0.0 Shields
 + Level 0.0 Unarmed Combat
 + Level 0.0 Spellcasting
 + Level 0.0 Conjurations
 + Level 0.0 Hexes
 + Level 0.0 Summonings
 + Level 0.0 Necromancy
 + Level 0.0 Translocations
 + Level 0.0 Transmutations
 + Level 0.0 Fire Magic
 + Level 0.0 Ice Magic
 + Level 0.0 Air Magic
 + Level 0.0 Earth Magic
 + Level 0.0 Poison Magic
 + Level 4.4 Invocations
 + Level 0.0 Evocations


You couldn't memorise any spells.
You didn't know any spells.
Your spell library was empty.

Dungeon Overview and Level Annotations

Branches:
Dungeon (0/15)

Altars:


Innate Abilities, Weirdness & Mutations

You have very sharp teeth.
Your uncanny sense of smell can sniff out nearby items.
Your experience applies equally to all skills.


Message History

An ancient zyme comes into view.
You feel yourself growing ill in the presence of the ancient zyme.
You see here 31 gold pieces.
There are monsters nearby!
You now have 31 gold pieces.
You feel yourself growing ill in the presence of the ancient zyme.
You feel ill.
A large abomination comes into view.
Found a fizzy brown potion.
Found a gateway leading deeper into the Abyss.
You see here a fizzy brown potion.
c - a fizzy brown potion A death drake comes into view.
You feel ill.
There is a gateway leading deeper into the Abyss here.
The soul eater draws from the surrounding life force!
You plunge deeper into the Abyss.
The abyssal rune of Zot can be found at this depth.
Found a corrupted altar of Lugonu.
Found a gateway leading out of the Abyss.
It was a potion of haste.
You feel yourself speed up.
A large abomination materialises.
Your extra speed is starting to run out.
Found a gateway leading out of the Abyss.
Found 24 arrows.
You feel yourself slow down.
Found a condenser vane.
A large abomination comes into view.
A starcursed mass splits.
A smoke demon comes into view.
A starcursed mass splits.
The smoke demon roars!
You hear a shout!
A starcursed mass splits.
Found 49 gold pieces.
The smoke demon is engulfed in blazing flames.
A chorus of shrieks assaults your mind.
A starcursed mass splits. x2
The large abomination hits you!!!
Ouch! That really hurt!
You die...

. ####.. ##. ○§§#°
#... #☼☼○.
...##○°.# ##
#.....}##.##
.3#.°....# . .
#X......###
....##@X#X....# ∆
#.....XXX#.#.#
#.P....X##.#.
#..P.....P.#.##
....PPPPP...#..#
#$...PPPP......#
#.....P∩PP..#..# ..
..#..PPPP....###..#
...P.P.PXP.....#


You could see 5 starcursed masses, a large abomination and a smoke demon.

Vanquished Creatures (others)
  A plant (Abyss:4)
1 creature vanquished.

Notes
Turn   | Place    | Note
-------+----------+-------------------------------------------
     0 | Abyss:1  | Gargoyl the Gnoll Abyssal Knight began the quest for the
                  | Orb.
     0 | Abyss:1  | Reached XP level 1. HP: 23/23 MP: 3/3
    24 | Abyss:1  | Found a sacrificial altar of Ru.
    65 | Abyss:3  | Noticed an ancient zyme
    68 | Abyss:4  | Noticed a soul eater
    76 | Abyss:4  | Noticed an ancient zyme
    97 | Abyss:4  | Noticed a large abomination
   110 | Abyss:4  | Noticed a death drake
   113 | Abyss:5  | Entered Level 5 of the Abyss
   113 | Abyss:5  | Found a corrupted altar of Lugonu.
   147 | Abyss:5  | Noticed a large abomination
   161 | Abyss:5  | Noticed a starcursed mass
   161 | Abyss:5  | Noticed a large abomination
   162 | Abyss:5  | Noticed a large abomination
   163 | Abyss:5  | Noticed a smoke demon
   166 | Abyss:5  | Annihilated by a large abomination

Illustrated notes

Levels and vault maps discovered:
Abyss:5:  base: Temple, base: Temple, evilmike_abyss_exit_plants,
          lemuel_flamethrower_3, nicolae_abyss_rune_left_handed,
          hangedman_abyss_stitches_cave

Action                   || total
-------------------------++-------
  Use: Potion            ||     1

Table legend: (Time is in decaauts)
 A = Elapsed time spent in this place.
 B = Non-inter-level travel time spent in this place.
 C = Inter-level travel time spent in this place.
 D = Time resting spent in this place.
 E = Time spent auto-exploring this place.
 F = Levels seen in this place.
 G = Mean time per level.
                   A        B        C        D        E       F      G
               +--------+--------+--------+--------+--------+-----+--------+
         Total |    150 |    150 |      0 |      0 |     58 |   5 |   30.0 |
         Abyss |    150 |    150 |      0 |      0 |     58 |   5 |   30.0 |
               +--------+--------+--------+--------+--------+-----+--------+

Top non-repeatable levels by time:
 Abyss:4: 46 daAuts
 Abyss:1: 38 daAuts
 Abyss:5: 37 daAuts
 Abyss:2: 16 daAuts
 Abyss:3: 10 daAuts
